 Dungeon Crawl Stone Soup version 0.31-a0-216-g22e908daa7 (webtiles) character file.

Game seed: 12573375396384472552

101 qw the Shooter (level 4, -6/36 HPs)
             Began as a Minotaur Hexslinger on July 1, 2023.
             Killed by divine providence
             ... invoked by an orc priest
              (13 damage)
             ... on level 3 of the Dungeon.
             The game lasted 00:00:43 (2132 turns).

qw the Shooter (Minotaur Hexslinger)                Turns: 2132, Time: 00:00:43

Health: -6/36      AC:  3    Str: 13    XL:     4   Next: 48%
Magic:  4/4        EV: 12    Int: 10    God:
Gold:   121        SH:  0    Dex: 14    Spells: 4/5 levels left

rFire   . . .        Y - +1 sling
rCold   + . .        (no shield)
rNeg    . . .        f - +0 leather armour
rPois   .            (helmet restricted)
rElec   .            (no cloak)
rCorr   .            (no gloves)
SInv    +            (no boots)
Will    .....        (no amulet)
Stlth   +            d - ring of protection from cold
HPRegen 0.26/turn    c - ring of see invisible
MPRegen 0.09/turn

%: no passive effects
@: no status effects
A: horns 2, retaliatory headbutt
a: no special abilities


You were on level 3 of the Dungeon.
You visited 1 branch of the dungeon, and saw 3 of its levels.

You collected 121 gold pieces.


Innate Abilities, Weirdness & Mutations

You have a pair of horns on your head.
You reflexively headbutt those who attack you in melee.


   Skills:
 + Level 2.0 Fighting
 - Level 5.0 Ranged Weapons
 - Level 2.1 Dodging
 - Level 1.0 Spellcasting
 - Level 2.0 Hexes


You had 4 spell levels left.
You knew the following spells:

 Your Spells              Type           Power      Damage    Failure   Level
a - Slow                  Hex            16%        N/A       19%         1

Your spell library contained the following spells:

 Spells                   Type           Power      Damage    Failure   Level
 Inner Flame              Hex/Fire       2%         N/A       65%         3
 Portal Projectile        Hex/Tloc       4%         N/A       65%         3
 Cause Fear               Hex            2%         N/A       88%         4

Inventory:

Hand Weapons
 Y - a +1 sling (weapon)
Armour
 f - a +0 leather armour (worn)
Jewellery
 c - a ring of see invisible (right hand)
 d - a ring of protection from cold (left hand)
Scrolls
 h - a scroll of identify
Potions
 a - a potion of might {unknown}
 b - 2 potions of cancellation {unknown}
 e - a potion of experience {unknown}
 g - 2 potions of haste {unknown}
 i - 3 potions of curing
 j - 2 potions of lignification {unknown}

Dungeon Overview and Level Annotations

Branches:
Dungeon (3/15)

Altars:
Yredelemnul


Message History

2 orc priests come into view.
An orc priest is wielding a +2 short sword of draining.
Found a pair of gloves.
The orc priest shouts! x2; You hear a shout! x2
Enter note:
2122 ||| Stepping ~*~*~tactically~*~*~ (outnumbered).
An orc comes into view. It is wielding a +0 club.
The orc priest mumbles some strange prayers to Beogh against you.
Pain shoots through your body!
2124 ||| Stepping ~*~*~tactically~*~*~ (outnumbered).
A goblin comes into view. It is wielding a +0 club.
2125 ||| FLEEEEING.
You shoot a sling bullet.
The sling bullet closely misses the orc priest.
You shoot a sling bullet. The sling bullet hits the orc priest.
The orc priest is moderately wounded.
You shoot a sling bullet.
The sling bullet closely misses the orc priest.
The orc priest looks braver for a moment.
The orc priest hits you with a +0 flail!
You shoot a sling bullet.
The sling bullet hits the orc priest but does no damage.
The orc priest is moderately wounded.
The orc priest closely misses you. You furiously retaliate!
You headbutt the orc priest. You shoot a sling bullet.
The sling bullet hits the orc priest.
The orc priest is heavily wounded.
The orc priest mumbles some strange prayers to Beogh against you.
Pain shoots through your body!
You shoot a sling bullet.
The sling bullet hits the orc priest but does no damage.
The orc priest is heavily wounded.
The orc priest barely misses you.
You shoot a sling bullet.
The sling bullet closely misses the orc priest.
The sling bullet hits the orc priest.
The orc priest is lightly wounded.
The orc priest mumbles some strange prayers to Beogh against you.
Beogh smites you!
You die...

#...####.# #.>......#
#.######## ### #.# ..#
#.# .######.#######
#.# .....[..o..ooo.
#.############.#######
#.........#..oo......#
#########.##@#.#####g#
#.....#...
#.......#...
#.#####.#..... #.# #.#
#... #.# #.. ... #.#
#### ## ... #.#


You could see 2 orc priests and an orc.

Vanquished Creatures
  Ijyb (D:3)
  4 adders
  A worm (D:2)
  2 orcs (D:3)
  4 endoplasms
  3 goblins (D:1)
  2 hobgoblins
  6 kobolds
  5 ball pythons
  4 bats
  2 frilled lizards
  5 rats (D:1)
39 creatures vanquished.

Notes
Turn   | Place    | Note
-------+----------+-------------------------------------------
     0 | D:1      | qw the Minotaur Hexslinger began the quest for the Orb.
     0 | D:1      | Reached XP level 1. HP: 16/16 MP: 1/1
     0 | D:1      | 0 ||| qw: Version: 0.3-a-35-g05ef00e
     0 | D:1      | 0 ||| qw: Game counter: 7706
     0 | D:1      | 0 ||| qw: Melee chars always use a shield: true
     0 | D:1      | 0 ||| qw: God list: Okawaru
     0 | D:1      | 0 ||| qw: Allow faded altars: false
     0 | D:1      | 0 ||| qw: Do Orc after clearing Dungeon:15 true
     0 | D:1      | 0 ||| qw: Do second Lair branch before Depths: true
     0 | D:1      | 0 ||| qw: Lair rune preference: random
     0 | D:1      | 0 ||| qw: Goals: Normal
     0 | D:1      | 0 ||| PLANNING D:1-11
   144 | D:1      | Reached skill level 3 in Ranged Weapons
   252 | D:1      | Reached XP level 2. HP: 23/23 MP: 2/2
   866 | D:1      | 866 ||| UPGRADING to +0 leather armour.
   876 | D:1      | 876 ||| DROPPING +0 robe.
   877 | D:1      | 877 ||| UPGRADING to ring of protection from cold.
   878 | D:1      | 878 ||| READING scroll labelled LEGOGOU YRGHETZ.
   879 | D:1      | 879 ||| READING 3 scrolls labelled GUAR JAVIER.
   880 | D:1      | 880 ||| READING scroll labelled MEETSA SAMIGYT.
   881 | D:1      | 881 ||| DRINKING 2 puce potions.
   882 | D:1      | 882 ||| READING 2 scrolls of identify.
   882 | D:1      | 882 ||| IDENTIFYING orange potion
   883 | D:1      | 883 ||| DROPPING scroll of poison.
   884 | D:1      | 884 ||| DROPPING potion of brilliance.
   952 | D:2      | Reached XP level 3. HP: 10/29 MP: 3/3
  1067 | D:2      | Found a faded altar of an unknown god.
  1274 | D:2      | Reached skill level 4 in Ranged Weapons
  1711 | D:2      | 1711 ||| DROPPING ring of flight.
  1712 | D:2      | 1712 ||| UPGRADING to ring of see invisible.
  1713 | D:2      | 1713 ||| READING scroll labelled ZEOHU LACYI.
  1830 | D:3      | Found a basalt altar of Yredelemnul.
  1950 | D:3      | Noticed Ijyb
  1966 | D:3      | Killed Ijyb
  1967 | D:3      | Reached XP level 4. HP: 14/36 MP: 4/4
  1998 | D:3      | Reached skill level 5 in Ranged Weapons
  2034 | D:3      | 2034 ||| FLEEEEING.
  2035 | D:3      | 2035 ||| FLEEEEING.
  2036 | D:3      | 2036 ||| FLEEEEING.
  2122 | D:3      | 2122 ||| Stepping ~*~*~tactically~*~*~ (outnumbered).
  2124 | D:3      | 2124 ||| Stepping ~*~*~tactically~*~*~ (outnumbered).
  2125 | D:3      | 2125 ||| FLEEEEING.
  2130 | D:3      | HP: 7/36 [orc priest/nerve-wracking pain (13)]
  2132 | D:3      | Killed from afar by an orc priest

Levels and vault maps discovered:
D:1:      nzn_arrival_depleted_hourglass, layout_basic, hangedman_feature_mirror
D:2:      layout_loops_ring, chequers_ecumenical_altar_twisty
D:3:      layout_basic, mainiacjoe_overflow_tiny_flanked,
          ebering_dispersal_statue_hall, uniq_robin, uniq_ijyb

Skill      XL: |  1  2  3  4 |
---------------+-------------+-----
Ranged Weapons | 3 4 5 |  5.0
Fighting       | 2 |  2.0
Dodging        | |  2.1
Spellcasting   | |  1.0
Hexes          | |  2.0

Action                     |  1- 3 |  4- 6 || total
---------------------------+-------+-------++-------
   Fire: Sling             |   136 |    21 ||   157
    Use: Scroll            |     5 |       ||     5
         Potion            |     1 |       ||     1
 Armour: Robe              |     2 |       ||     2
         Leather armour    |    14 |     1 ||    15
  Dodge: Dodged            |    51 |     9 ||    60

Table legend:
 A = Non-vault XP
 B = Vault XP
 C = Vault XP percentage of total XP
 D = Non-vault monster count
 E = Vault monster count
 F = Vault count percentage of total count
                 A         B        C        D         E       F
            +---------+---------+-------+---------+---------+-------
      Total |     100 |      45 |  31.0 |      32 |       7 |  17.9
            +---------+---------+-------+---------+---------+-------
        D:1 |      16 |       9 |  36.0 |      12 |       6 |  33.3
        D:2 |      48 |       0 |   0.0 |      14 |       0 |   0.0
        D:3 |      36 |      36 |  50.0 |       6 |       1 |  14.3
            +---------+---------+-------+---------+---------+-------
